[Event "FIDE WCCC Open-08 2024"]
[Site "Montesilvano"]
[Date "2024.11.20"]
[Round "6.21"]
[White "Mudriievskyi, Jan"]
[Black "Lau, Great Boyou"]
[Result "0-1"]
[ECO "B23"]
[WhiteElo "1682"]
[BlackElo "1514"]
[Annotator "NA RC"]
[PlyCount "150"]
[EventDate "2024.11.18"]
[EventType "swiss"]
[EventCountry "ITA"]
[SourceTitle "playchess.com"]
[Source "ChessBase"]
[SourceQuality "1"]
[TimeControl "5400+30"]

1. e4 c5 2. Nc3 e6 3. f4 Ne7 4. d3 d5 5. Nf3 d4 6. Ne2 b6 7. g3 Bb7 8. Bg2 Nd7 9. c3 dxc3 10. Nxc3 Nf6 11. O-O g6 12. h3 Bg7 13. Be3 Nd7 14. d4 Rc8 15. Nb5 O-O 16. Nd6 Rb8 17. Qb3 Ba8 18. Ng5 cxd4 19. Ndxf7 Rxf7 20. Qxe6 Qe8 21. Nxf7 Qxf7 22. Qxd7 dxe3 23. Qxa7 Nc6 24. Qxf7+ Kxf7 25. e5 Nd4 26. Bxa8 Rxa8 27. Rfd1 Rd8 28. Kg2 e2 29. Rd3 Bf8 30. a3 Be7 31. Re1 Nc2 32. Rxe2 Rxd3 33. Rxc2 Rb3 34. Kh2 Bc5 35. Kg2 Bd4 36. Rc7+ Kg8 37. Rc8+ Kf7 38. Rc7+ Ke6 39. Rxh7 Rxb2+ 40. Kh1 Kf5 41. Rd7 Bc5 42. Rd1 Ke4 43. Rf1 Bxa3 44. g4 Bc5 45. e6 Re2 46. f5 gxf5 47. gxf5 Kd5 48. h4 Kd6 49. Rf3 Ke7 50. h5 Re1+ 51. Kg2 Rg1+ 52. Kh3 Kf6 53. Kh2 Rg5 54. Rh3 Kxf5 55. h6 Rg8 56. h7 Rh8 57. Kg3 Kg6 58. Kg2 Rxh7 59. Rg3+ Kf6 60. Rg8 Rg7+ 61. Rxg7 Kxg7 62. Kf3 Kf6 63. e7 Bxe7 64. Ke4 b5 65. Kd4 b4 66. Kc4 Ke5 67. Kd3 Kd5 68. Kc2 Kc4 69. Kb2 b3 70. Kb1 Kc3 71. Ka1 Bd8 72. Kb1 b2 73. Ka2 Kc2 74. Ka3 b1=Q 75. Ka4 Qb3# 0-1

[Event "FIDE WCCC Open-08 2024"]
[Site "Montesilvano"]
[Date "2024.11.20"]
[Round "6.22"]
[White "Nguyen Thanh San"]
[Black "Petrenko, Tymofii"]
[Result "1-0"]
[ECO "D02"]
[WhiteElo "1493"]
[BlackElo "1678"]
[Annotator "NA RC"]
[PlyCount "139"]
[EventDate "2024.11.18"]
[EventType "swiss"]
[EventCountry "ITA"]
[SourceTitle "playchess.com"]
[Source "ChessBase"]
[SourceQuality "1"]
[TimeControl "5400+30"]

1. d4 d5 2. Bf4 Nf6 3. e3 c5 4. Nf3 Nc6 5. c3 Bg4 6. Be2 e6 7. Nbd2 Bd6 8. Bg3 O-O 9. O-O a6 10. dxc5 Bxc5 11. Nb3 Be7 12. Nbd4 Nxd4 13. Nxd4 Bxe2 14. Qxe2 Rc8 15. Rad1 b5 16. f3 Qb6 17. Nc2 a5 18. Bf2 Qb7 19. Nd4 b4 20. Be1 Ne8 21. Qb5 Qc7 22. cxb4 axb4 23. Bd2 Rb8 24. Qd3 Rb6 25. Rc1 Qd7 26. Rc2 Nf6 27. Rfc1 Rb7 28. Nc6 Bd6 29. Kh1 Ra8 30. e4 Bf8 31. e5 Ne8 32. b3 g6 33. Qd4 Ng7 34. g4 h5 35. Bxb4 Bxb4 36. Nxb4 Qe7 37. Nc6 Qg5 38. Rg1 hxg4 39. fxg4 Qh4 40. Qf2 Qg5 41. h4 Qh6 42. Qf6 Qe3 43. Rf1 Rf8 44. Qf3 Qb6 45. h5 g5 46. h6 Ne8 47. Qd3 Rc7 48. Rfc1 Qb7 49. Qe3 Kh7 50. Qxg5 Rg8 51. Qf4 Rg6 52. Nd8 Rxh6+ 53. Qxh6+ Kxh6 54. Nxb7 Rxb7 55. Kg2 Kg5 56. Kh3 f6 57. Rc8 Re7 58. Re1 fxe5 59. Rxe5+ Kf4 60. Re1 e5 61. Rd8 d4 62. Kg2 Kxg4 63. Rxd4+ Kf5 64. Rd2 Ke6 65. a4 Rb7 66. Rde2 Nc7 67. Rxe5+ Kd6 68. R5e3 Kc5 69. Rc1+ Kb4 70. Re7 1-0

[Event "FIDE WCCC Open-08 2024"]
[Site "Montesilvano"]
[Date "2024.11.20"]
[Round "6.23"]
[White "Pera, Mikolaj"]
[Black "Szumiec, Jan"]
[Result "1/2-1/2"]
[ECO "B56"]
[WhiteElo "1446"]
[BlackElo "1678"]
[Annotator "NA RC"]
[PlyCount "88"]
[EventDate "2024.11.18"]
[EventType "swiss"]
[EventCountry "ITA"]
[SourceTitle "playchess.com"]
[Source "ChessBase"]
[SourceQuality "1"]
[TimeControl "5400+30"]

1. e4 c5 2. Nf3 d6 3. d4 cxd4 4. Nxd4 Nf6 5. Nc3 Nc6 6. f3 e5 7. Nb3 Be7 8. Be3 O-O 9. Qd2 a5 10. Bb5 Be6 11. O-O-O Na7 12. Bxa7 Rxa7 13. Kb1 Qb6 14. a4 Rd8 15. Qe2 Qc7 16. Rhe1 Nh5 17. g3 Nf6 18. Nd5 Nxd5 19. exd5 Bf5 20. Rd2 Raa8 21. f4 f6 22. Nd4 Bd7 23. Bxd7 Qxd7 24. Ne6 Qxa4 25. Nxd8 Rxd8 26. Qe4 Qd7 27. f5 a4 28. Rd3 Ra8 29. Ra3 b5 30. Rd3 Qb7 31. Qf3 b4 32. Kc1 Rc8 33. Re2 Qa6 34. Re4 b3 35. Rc3 Ra8 36. cxb3 axb3 37. Rxb3 Qa1+ 38. Kc2 Rc8+ 39. Rc3 Rb8 40. Rb3 Rc8+ 41. Rc3 Rb8 42. Rb3 Rc8+ 43. Rc3 Rb8 44. Rb3 Rc8+ 1/2-1/2

[Event "FIDE WCCC Open-08 2024"]
[Site "Montesilvano"]
[Date "2024.11.20"]
[Round "6.24"]
[White "Czachurski, Ignacy"]
[Black "Kiss, Lorinc Istvan"]
[Result "1-0"]
[ECO "C45"]
[WhiteElo "1672"]
[BlackElo "1501"]
[Annotator "NA RC"]
[PlyCount "71"]
[EventDate "2024.11.18"]
[EventType "swiss"]
[EventCountry "ITA"]
[SourceTitle "playchess.com"]
[Source "ChessBase"]
[SourceQuality "1"]
[TimeControl "5400+30"]

1. e4 e5 2. Nf3 Nc6 3. d4 exd4 4. Nxd4 Bb4+ 5. c3 Bc5 6. Be3 Bb6 7. Nf5 Bxe3 8. Nxe3 d6 9. Nd2 Nf6 10. f3 O-O 11. g4 h6 12. Qe2 b6 13. h4 h5 14. g5 Nh7 15. g6 fxg6 16. Qc4+ Kh8 17. Qxc6 Be6 18. O-O-O a5 19. Bc4 Bd7 20. Qd5 Nf6 21. Qg5 Qe8 22. Rhg1 Kh7 23. Nd5 Nxd5 24. Qxd5 b5 25. Bb3 a4 26. Bc2 Be6 27. Qg5 a3 28. b3 Qf7 29. f4 Bg4 30. Rdf1 c5 31. f5 gxf5 32. exf5 Kh8 33. Ne4 c4 34. f6 Kg8 35. Nxd6 Qd7 36. Qg6 1-0

[Event "FIDE WCCC Open-08 2024"]
[Site "Montesilvano"]
[Date "2024.11.20"]
[Round "6.25"]
[White "Melkonyan, Mark"]
[Black "Adilbek, Adinur"]
[Result "0-1"]
[ECO "B13"]
[WhiteElo "1445"]
[BlackElo "1651"]
[Annotator "NA RC"]
[PlyCount "134"]
[EventDate "2024.11.18"]
[EventType "swiss"]
[EventCountry "ITA"]
[SourceTitle "playchess.com"]
[Source "ChessBase"]
[SourceQuality "1"]
[TimeControl "5400+30"]

1. e4 c6 2. d4 d5 3. exd5 cxd5 4. Bd3 Nc6 5. c3 Nf6 6. h3 g6 7. Nf3 Bf5 8. O-O Bxd3 9. Qxd3 Bg7 10. Bf4 O-O 11. Nbd2 a6 12. a4 Rc8 13. Nb3 Ne4 14. Nfd2 Nxd2 15. Qxd2 Na5 16. Nxa5 Qxa5 17. Bh6 Rc4 18. Bxg7 Kxg7 19. Qc2 Rfc8 20. f4 Rxd4 21. f5 Re4 22. Qf2 Qc5 23. fxg6 hxg6 24. Kh1 Qxf2 25. Rxf2 Rcc4 26. Raf1 f6 27. Rd2 e6 28. Rdf2 f5 29. g4 f4 30. b3 Rxc3 31. Rxf4 Rxf4 32. Rxf4 Rxh3+ 33. Kg2 Rxb3 34. g5 Re3 35. Rb4 b5 36. axb5 axb5 37. Rxb5 Re5 38. Rb7+ Kf8 39. Rb8+ Ke7 40. Rb7+ Kd6 41. Rb6+ Kc5 42. Ra6 Rxg5+ 43. Kf3 e5 44. Ra5+ Kc4 45. Ra4+ Kb5 46. Ra1 e4+ 47. Kf4 Rf5+ 48. Ke3 Kc5 49. Rc1+ Kd6 50. Ra1 Rf3+ 51. Ke2 d4 52. Ra6+ Ke5 53. Ra8 d3+ 54. Kd2 Rf2+ 55. Kd1 Kd4 56. Rd8+ Ke3 57. Ke1 d2+ 58. Kd1 Rf1+ 59. Kc2 Rc1+ 60. Kb2 d1=Q 61. Rxd1 Rxd1 62. Kc2 Rd3 63. Kc1 Rd2 64. Kb1 Kd3 65. Kc1 e3 66. Kb1 e2 67. Kc1 e1=R# 0-1

[Event "FIDE WCCC Open-08 2024"]
[Site "Montesilvano"]
[Date "2024.11.20"]
[Round "6.28"]
[White "Nguyen Phuc Cao Danh"]
[Black "Morozevich, Kirill Aleks"]
[Result "0-1"]
[ECO "D35"]
[WhiteElo "1627"]
[BlackElo "1484"]
[Annotator "NA RC"]
[PlyCount "97"]
[EventDate "2024.11.18"]
[EventType "swiss"]
[EventCountry "ITA"]
[SourceTitle "playchess.com"]
[Source "ChessBase"]
[SourceQuality "1"]
[TimeControl "5400+30"]

1. d4 d5 2. Nf3 Nf6 3. c4 e6 4. Nc3 Be7 5. cxd5 exd5 6. Bf4 O-O 7. e3 c6 8. Bd3 Bg4 9. h3 Bh5 10. Qc2 Nbd7 11. Ne5 Bg6 12. g4 Bxd3 13. Qxd3 Nxe5 14. Bxe5 Nd7 15. Bg3 Bh4 16. Rg1 Re8 17. O-O-O b5 18. Qf5 Bxg3 19. Rxg3 a5 20. g5 a4 21. h4 b4 22. Nb1 Rc8 23. Nd2 c5 24. Kb1 c4 25. Rc1 c3 26. Nf3 cxb2 27. Rc2 Rxc2 28. Qxc2 a3 29. Rg1 Qc8 30. Ne1 Nb6 31. Nd3 Qxc2+ 32. Kxc2 Rc8+ 33. Kb1 Na4 34. Nc5 Nxc5 35. dxc5 Rxc5 36. Rd1 Kf8 37. Re1 Ke7 38. Rd1 Ke6 39. f3 Ke5 40. Rf1 Rc3 41. Re1 Rc4 42. Rh1 Kf5 43. Rd1 Rxh4 44. Rxd5+ Kg6 45. Rd1 Kxg5 46. f4+ Kf5 47. Kc2 Rh3 48. Kd3 b3 49. Kd4 0-1

[Event "FIDE WCCC Open-08 2024"]
[Site "Montesilvano"]
[Date "2024.11.20"]
[Round "6.29"]
[White "Batbileg, Boldbaatar"]
[Black "Sivan, Leeor"]
[Result "1-0"]
[ECO "D54"]
[WhiteElo "1623"]
[BlackElo "1464"]
[Annotator "NA RC"]
[PlyCount "61"]
[EventDate "2024.11.18"]
[EventType "swiss"]
[EventCountry "ITA"]
[SourceTitle "playchess.com"]
[Source "ChessBase"]
[SourceQuality "1"]
[TimeControl "5400+30"]

1. d4 d5 2. c4 e6 3. Nc3 Nf6 4. Bg5 Be7 5. e3 h6 6. Bh4 O-O 7. Rc1 Ne4 8. Bxe7 Nxc3 9. Bxd8 Nxd1 10. Be7 Nxb2 11. Bxf8 Kxf8 12. cxd5 c6 13. dxc6 Nxc6 14. Nf3 f6 15. Rc2 Na4 16. Bb5 Nb4 17. Bxa4 Nxc2+ 18. Bxc2 Bd7 19. Kd2 Rc8 20. Rc1 Bc6 21. Ba4 Ke7 22. Bxc6 Rxc6 23. Rxc6 bxc6 24. Kc3 a5 25. Kb3 Kd7 26. Ka4 Kc7 27. Kxa5 g5 28. Nd2 f5 29. g3 h5 30. Nf3 g4 31. Ng5 1-0

[Event "FIDE WCCC Open-08 2024"]
[Site "Montesilvano"]
[Date "2024.11.20"]
[Round "6.30"]
[White "Mohamed Fouad, Yahia"]
[Black "Chanishvili, Noa"]
[Result "1-0"]
[ECO "D23"]
[WhiteElo "1705"]
[BlackElo "1553"]
[Annotator "NA RC"]
[PlyCount "139"]
[EventDate "2024.11.18"]
[EventType "swiss"]
[EventCountry "ITA"]
[SourceTitle "playchess.com"]
[Source "ChessBase"]
[SourceQuality "1"]
[TimeControl "5400+30"]

1. d4 d5 2. Nf3 Nf6 3. c4 dxc4 4. Qa4+ Nbd7 5. Qxc4 e6 6. Bf4 Bd6 7. Bxd6 cxd6 8. Nc3 O-O 9. Nb5 d5 10. Qb4 Qb6 11. Qb3 a6 12. Nc3 Qxb3 13. axb3 Re8 14. Nb5 Rb8 15. Nd6 Re7 16. e3 Ne8 17. Nxe8 Rxe8 18. Bd3 Nf6 19. O-O Bd7 20. Rfc1 Rbc8 21. Ne5 Rxc1+ 22. Rxc1 Rc8 23. Rxc8+ Bxc8 24. Kf1 h6 25. Ke2 Nd7 26. Nxd7 Bxd7 27. Kd2 Kf8 28. Kc3 Ke7 29. Kb4 Kd6 30. Ka5 Bc6 31. Kb6 g6 32. f4 h5 33. b4 Kd7 34. h4 Kd6 35. b5 axb5 36. Bxb5 Bxb5 37. Kxb5 Kc7 38. Kc5 b6+ 39. Kb5 Kb7 40. b3 Ka7 41. Kc6 Ka6 42. Kd7 Ka5 43. Ke7 b5 44. Kxf7 Kb4 45. Kxg6 Kxb3 46. Kxh5 Kc4 47. Kg5 b4 48. h5 b3 49. h6 b2 50. h7 b1=Q 51. h8=Q Qf5+ 52. Kh4 Kd3 53. g4 Qe4 54. Qe5 Kxe3 55. Kg3 Kd3 56. f5 Qh1 57. fxe6 Qg1+ 58. Kh4 Qh1+ 59. Kg5 Qc1+ 60. Qf4 Qc8 61. e7 Qg8+ 62. Kh4 Qh8+ 63. Kg3 Qe8 64. Qf8 Qc6 65. e8=Q Qc7+ 66. Qf4 Qa5 67. Qee3+ Kc2 68. Qff2+ Kd1 69. Qd3+ Kc1 70. Qfc2# 1-0

[Event "FIDE WCCC Open-08 2024"]
[Site "Montesilvano"]
[Date "2024.11.20"]
[Round "6.31"]
[White "Kalinin, Bogdan"]
[Black "Bisetto, Alessandro Federico"]
[Result "1-0"]
[ECO "B25"]
[WhiteElo "1548"]
[BlackElo "1671"]
[Annotator "NA RC"]
[PlyCount "76"]
[EventDate "2024.11.18"]
[EventType "swiss"]
[EventCountry "ITA"]
[SourceTitle "playchess.com"]
[Source "ChessBase"]
[SourceQuality "1"]
[TimeControl "5400+30"]

1. e4 c5 2. Nc3 d6 3. g3 Nc6 4. Bg2 g6 5. Nge2 Bg7 6. O-O Nf6 7. d3 O-O 8. f4 Bd7 9. h3 Qc8 10. g4 Qc7 11. Ng3 e6 12. f5 exf5 13. exf5 d5 14. Bf4 Qb6 15. g5 Qxb2 16. gxf6 Bxf6 17. Nxd5 Qxa1 18. Qxa1 Bxa1 19. Rxa1 Kg7 20. f6+ Kg8 21. Ne7+ Nxe7 22. fxe7 Rfe8 23. Bd6 Bc6 24. Bxc6 bxc6 25. Ne4 a5 26. Nf6+ Kg7 27. Nxe8+ Rxe8 28. Rb1 Kf6 29. Bxc5 Rxe7 30. Rf1+ Kg7 31. Bxe7 f5 32. c4 a4 33. c5 Kf7 34. Re1 h5 35. d4 a3 36. d5 cxd5 37. c6 Ke8 38. Bg5+ Kf7 1-0

[Event "FIDE WCCC Open-08 2024"]
[Site "Montesilvano"]
[Date "2024.11.20"]
[Round "6.33"]
[White "Saathvik Chakravarthy Ramayana"]
[Black "Le, Khai"]
[Result "1-0"]
[ECO "B22"]
[WhiteElo "1466"]
[BlackElo "1808"]
[Annotator "NA RC"]
[PlyCount "87"]
[EventDate "2024.11.18"]
[EventType "swiss"]
[EventCountry "ITA"]
[SourceTitle "playchess.com"]
[Source "ChessBase"]
[SourceQuality "1"]
[TimeControl "5400+30"]

1. e4 c5 2. c3 d5 3. exd5 Qxd5 4. d4 Nf6 5. Nf3 Bg4 6. Be2 Nc6 7. O-O e6 8. h3 Bh5 9. Be3 cxd4 10. cxd4 Be7 11. Nc3 Qd6 12. Nb5 Qd8 13. a3 a6 14. Nc3 O-O 15. Rc1 Rc8 16. Ne5 Bxe2 17. Qxe2 Nxd4 18. Bxd4 Qxd4 19. Rfd1 Qb6 20. Ne4 Rfd8 21. Ng5 Rf8 22. Rxc8 Rxc8 23. Ngxf7 Nd5 24. Nh6+ gxh6 25. Rxd5 exd5 26. Qg4+ Bg5 27. Qxc8+ Kg7 28. Qd7+ Kf6 29. Ng4+ Kg6 30. Qxd5 Qxb2 31. Ne5+ Kf6 32. Qd6+ Kf5 33. g4+ Ke4 34. f3+ Ke3 35. Nc4+ Kxf3 36. Nxb2 Be3+ 37. Kf1 a5 38. Qd5+ Kg3 39. Qg2+ Kh4 40. g5 h5 41. Ke2 Bc5 42. Kf3 Bd6 43. Nc4 Bb8 44. Ne3 1-0

[Event "FIDE WCCC Open-08 2024"]
[Site "Montesilvano"]
[Date "2024.11.20"]
[Round "6.34"]
[White "Juzbasic, Marul"]
[Black "Vrsalovic Acuna. Stjepan Anton"]
[Result "1/2-1/2"]
[ECO "B50"]
[WhiteElo "1726"]
[BlackElo "1452"]
[Annotator "NA RC"]
[PlyCount "60"]
[EventDate "2024.11.18"]
[EventType "swiss"]
[EventCountry "ITA"]
[SourceTitle "playchess.com"]
[Source "ChessBase"]
[SourceQuality "1"]
[TimeControl "5400+30"]

1. e4 c5 2. Nf3 d6 3. Nc3 Nf6 4. Bc4 e6 5. Bb3 a6 6. a4 Be7 7. d3 O-O 8. O-O Qc7 9. Re1 Nbd7 10. h3 Ne5 11. Nxe5 dxe5 12. Rf1 Bd7 13. f4 Bd6 14. Qf3 exf4 15. Bxf4 Bxf4 16. Qxf4 Qxf4 17. Rxf4 e5 18. Rf3 Be6 19. Ra3 Bd7 20. Rg3 h6 21. Nd5 Nxd5 22. Bxd5 Rab8 23. b3 a5 24. c4 b6 25. Ra1 Kh7 26. Rf1 f6 27. Rgf3 Rbd8 28. Kh2 Bc8 29. g4 Rd6 30. Kg3 g5 1/2-1/2

[Event "FIDE WCCC Open-08 2024"]
[Site "Montesilvano"]
[Date "2024.11.20"]
[Round "6.35"]
[White "Reclik, Jakub"]
[Black "Arsenijevic, Matija"]
[Result "1/2-1/2"]
[ECO "B12"]
[WhiteElo "1458"]
[BlackElo "1700"]
[Annotator "NA RC"]
[PlyCount "77"]
[EventDate "2024.11.18"]
[EventType "swiss"]
[EventCountry "ITA"]
[SourceTitle "playchess.com"]
[Source "ChessBase"]
[SourceQuality "1"]
[TimeControl "5400+30"]

1. e4 c6 2. d4 d5 3. e5 Bf5 4. Nf3 e6 5. Be2 c5 6. c3 Nc6 7. O-O h6 8. Be3 c4 9. Nbd2 Nge7 10. b3 b5 11. b4 Bh7 12. a4 a6 13. axb5 axb5 14. Rxa8 Qxa8 15. Qa1 Qa7 16. Qxa7 Nxa7 17. Ra1 Nec6 18. Ra6 Be7 19. h3 Bc2 20. Ra1 O-O 21. Ra2 Bf5 22. Bd1 Rb8 23. Bc2 Bxc2 24. Rxc2 Kh7 25. Ra2 Rb7 26. Ra6 Nb8 27. Ra2 Nac6 28. Kh2 g5 29. Kg3 f5 30. exf6 Bd6+ 31. Kg4 Kg6 32. Ng1 h5+ 33. Kf3 Kxf6 34. g4 hxg4+ 35. Kxg4 Kg6 36. Ngf3 e5 37. dxe5 Nxe5+ 38. Nxe5+ Bxe5 39. Ra3 1/2-1/2

[Event "FIDE WCCC Open-08 2024"]
[Site "Montesilvano"]
[Date "2024.11.20"]
[Round "6.36"]
[White "Sverrisson, Dagur"]
[Black "Le Doan, Minh Thuc"]
[Result "0-1"]
[ECO "B25"]
[WhiteElo "1449"]
[BlackElo "1677"]
[Annotator "NA RC"]
[PlyCount "72"]
[EventDate "2024.11.18"]
[EventType "swiss"]
[EventCountry "ITA"]
[SourceTitle "playchess.com"]
[Source "ChessBase"]
[SourceQuality "1"]
[TimeControl "5400+30"]

1. e4 c5 2. Nf3 Nc6 3. d3 g6 4. g3 Bg7 5. Bg2 d6 6. O-O Nf6 7. Nc3 O-O 8. Be3 Be6 9. Qd2 Ng4 10. Ng5 Bd7 11. Bf4 e5 12. Be3 Nxe3 13. Qxe3 Nd4 14. Rac1 Bc6 15. Nd5 Bxd5 16. exd5 Bh6 17. f4 exf4 18. gxf4 Re8 19. Qf2 Ne2+ 20. Kh1 Nxc1 21. Rxc1 Bxg5 22. fxg5 Qxg5 23. Rf1 f5 24. h4 Qe3 25. Qxe3 Rxe3 26. h5 Rae8 27. hxg6 hxg6 28. Rf2 Re2 29. Rf3 Rxc2 30. Rh3 Rxb2 31. Rh4 Re1+ 32. Kh2 Ree2 33. Kh1 Rxg2 34. Rh3 f4 35. a4 Rgc2 36. a5 Rb1# 0-1

[Event "FIDE WCCC Open-08 2024"]
[Site "Montesilvano"]
[Date "2024.11.20"]
[Round "6.37"]
[White "Kuncoro, Harvey"]
[Black "Ok, Miro"]
[Result "0-1"]
[ECO "B21"]
[WhiteElo "1432"]
[BlackElo "1656"]
[Annotator "NA RC"]
[PlyCount "92"]
[EventDate "2024.11.18"]
[EventType "swiss"]
[EventCountry "ITA"]
[SourceTitle "playchess.com"]
[Source "ChessBase"]
[SourceQuality "1"]
[TimeControl "5400+30"]

1. e4 c5 2. d4 cxd4 3. Qxd4 Nc6 4. Qd3 Nf6 5. Nc3 e6 6. Bf4 d6 7. O-O-O e5 8. Bg5 h6 9. Bxf6 Qxf6 10. Nd5 Qd8 11. Ne2 Be6 12. g3 Rc8 13. Kb1 Qa5 14. Qd2 Bxd5 15. Qxd5 b5 16. Qd2 Be7 17. Bh3 Rc7 18. Qxa5 Nxa5 19. Nc3 a6 20. Nd5 Rc6 21. Bf1 Nc4 22. Nb4 Rb6 23. Nd5 Rb7 24. Bg2 Nb6 25. Ne3 g6 26. f4 O-O 27. Nd5 Nc4 28. b3 Na3+ 29. Kb2 b4 30. Nxb4 Rxb4 31. Kxa3 d5 32. exd5 Rb6+ 33. Kb2 exf4 34. gxf4 Rf6 35. Rd4 Bd6 36. h3 g5 37. fxg5 Rf2 38. Rg4 h5 39. Rh4 Rxg2 40. Rxh5 Rc8 41. Rf1 Rcxc2+ 42. Kb1 Rxa2 43. Rf6 Be5 44. Rxa6 Rxa6 45. Rh8+ Bxh8 46. d6 Ra1# 0-1

[Event "FIDE WCCC Open-08 2024"]
[Site "Montesilvano"]
[Date "2024.11.20"]
[Round "6.38"]
[White "Huzela, Lukyan"]
[Black "Lee, David J"]
[Result "1-0"]
[ECO "C56"]
[WhiteElo "1651"]
[BlackElo "1446"]
[Annotator "NA RC"]
[PlyCount "57"]
[EventDate "2024.11.18"]
[EventType "swiss"]
[EventCountry "ITA"]
[SourceTitle "playchess.com"]
[Source "ChessBase"]
[SourceQuality "1"]
[TimeControl "5400+30"]

1. e4 e5 2. d4 exd4 3. Nf3 Nc6 4. Bc4 Nf6 5. O-O Nxe4 6. Re1 d5 7. Bxd5 Qxd5 8. Nc3 Qd7 9. Nxe4 Be7 10. Bh6 f5 11. Bxg7 fxe4 12. Bxh8 exf3 13. Qxf3 Qd6 14. Qb3 Qg6 15. Rad1 b6 16. Qg3 Qxg3 17. hxg3 Bf5 18. c3 dxc3 19. Bxc3 Kf7 20. Rd5 Be6 21. Rh5 Bxa2 22. Rxh7+ Kg6 23. Rg7+ Kh6 24. g4 Rc8 25. Re3 Nd4 26. Bxd4 Bf6 27. Bxf6 Bf7 28. Rh3+ Bh5 29. Rxh5# 1-0

[Event "FIDE WCCC Open-08 2024"]
[Site "Montesilvano"]
[Date "2024.11.20"]
[Round "6.39"]
[White "Cherem, Yoseph"]
[Black "Smilga, Olivers"]
[Result "1-0"]
[ECO "E11"]
[WhiteElo "1634"]
[BlackElo "1439"]
[Annotator "NA RC"]
[PlyCount "49"]
[EventDate "2024.11.18"]
[EventType "swiss"]
[EventCountry "ITA"]
[SourceTitle "playchess.com"]
[Source "ChessBase"]
[SourceQuality "1"]
[TimeControl "5400+30"]

1. d4 Nf6 2. c4 e6 3. Nf3 Bb4+ 4. Nbd2 d5 5. a3 Bxd2+ 6. Qxd2 O-O 7. e3 b6 8. b4 a5 9. b5 dxc4 10. Bxc4 Bb7 11. Bb2 Ne4 12. Qc2 Nd7 13. Bd3 Ndf6 14. O-O-O Rc8 15. Kb1 Qd5 16. Bc4 Qd7 17. Ne5 Qe7 18. f3 Nd6 19. Bd3 h6 20. h4 Nd5 21. Rhe1 Rfd8 22. Bh7+ Kh8 23. Bg6 Rf8 24. Bxf7 Qd8 25. Ng6+ 1-0

[Event "FIDE WCCC Open-08 2024"]
[Site "Montesilvano"]
[Date "2024.11.20"]
[Round "6.40"]
[White "Schimming, Wilhelm"]
[Black "Kakagiannis, Stylianos"]
[Result "1/2-1/2"]
[ECO "A20"]
[WhiteElo "1628"]
[BlackElo "1423"]
[Annotator "NA RC"]
[PlyCount "52"]
[EventDate "2024.11.18"]
[EventType "swiss"]
[EventCountry "ITA"]
[SourceTitle "playchess.com"]
[Source "ChessBase"]
[SourceQuality "1"]
[TimeControl "5400+30"]

1. c4 e5 2. g3 Nf6 3. Bg2 Be7 4. Nc3 Bb4 5. Qb3 Bxc3 6. Qxc3 d6 7. e3 O-O 8. Ne2 Re8 9. O-O Nc6 10. d4 Bf5 11. b4 exd4 12. Nxd4 Nxd4 13. Qxd4 Be4 14. Bb2 Bxg2 15. Kxg2 Qd7 16. Qh4 Re4 17. Qg5 Rg4 18. Qa5 Ne8 19. Qd5 Rb8 20. h3 Rg6 21. Rad1 Nf6 22. Bxf6 Rxf6 23. c5 Rf5 24. Qd3 Rf6 25. Rd2 h6 26. Qe4 Re6 1/2-1/2

[Event "FIDE WCCC Open-08 2024"]
[Site "Montesilvano"]
[Date "2024.11.20"]
[Round "6.41"]
[White "Khantulga, Tuvshinbayar"]
[Black "Senthilkumar, Tharveen"]
[Result "1-0"]
[ECO "B33"]
[WhiteElo "1611"]
[BlackElo "1411"]
[Annotator "NA RC"]
[PlyCount "137"]
[EventDate "2024.11.18"]
[EventType "swiss"]
[EventCountry "ITA"]
[SourceTitle "playchess.com"]
[Source "ChessBase"]
[SourceQuality "1"]
[TimeControl "5400+30"]

1. e4 c5 2. Nf3 Nc6 3. d4 cxd4 4. Nxd4 Nf6 5. Nc3 e5 6. Ndb5 d6 7. Bg5 a6 8. Na3 b5 9. Nd5 Qa5+ 10. Bd2 Qd8 11. Bd3 Be7 12. c4 bxc4 13. Nxc4 O-O 14. O-O Be6 15. Ncb6 Rb8 16. Rc1 Rxb6 17. Nxb6 Qxb6 18. b3 Qb7 19. b4 Nd4 20. Be3 Qxb4 21. Rb1 Qc5 22. Rb7 Bd8 23. Qa4 Qc6 24. Qxc6 Nxc6 25. Rc1 Nd4 26. Bxd4 exd4 27. a3 Ba5 28. Rc6 Rd8 29. f3 Ne8 30. Bxa6 f5 31. exf5 Bd5 32. Bc4 Bxc4 33. Rxc4 Bc3 34. Kf2 d5 35. Rc6 Nd6 36. Ra7 Nxf5 37. g4 Ne3 38. Rcc7 h6 39. Rxg7+ Kf8 40. Raf7+ Ke8 41. Rh7 Nc2 42. Rc7 d3 43. Rxc3 d2 44. Ke2 d4 45. Rh8+ Ke7 46. Rc7+ Kd6 47. Rxd8+ Kxc7 48. Rh8 Kd6 49. Kxd2 Nxa3 50. Rxh6+ Kd5 51. Rh5+ Kc4 52. g5 Nb1+ 53. Kc1 Kd3 54. Kxb1 Ke2 55. Rh6 d3 56. Rd6 d2 57. Rxd2+ Kxd2 58. g6 Ke3 59. g7 Kxf3 60. g8=Q Kf2 61. Qe6 Kg2 62. Qe3 Kxh2 63. Qf3 Kg1 64. Kc2 Kh2 65. Qg4 Kh1 66. Kd2 Kh2 67. Ke2 Kh1 68. Kf2 Kh2 69. Qg2# 1-0

[Event "FIDE WCCC Open-08 2024"]
[Site "Montesilvano"]
[Date "2024.11.20"]
[Round "6.42"]
[White "Shroff, Dhairya Amit"]
[Black "Bakirli, Matin"]
[Result "1-0"]
[ECO "B21"]
[WhiteElo "1444"]
[BlackElo "1578"]
[Annotator "NA RC"]
[PlyCount "119"]
[EventDate "2024.11.18"]
[EventType "swiss"]
[EventCountry "ITA"]
[SourceTitle "playchess.com"]
[Source "ChessBase"]
[SourceQuality "1"]
[TimeControl "5400+30"]

1. e4 c5 2. d4 cxd4 3. c3 dxc3 4. Nxc3 Nc6 5. Nf3 d6 6. Bc4 e6 7. O-O Nf6 8. Qe2 Be7 9. Rd1 e5 10. h3 h6 11. Be3 O-O 12. Rac1 Be6 13. Nd5 Na5 14. Bb5 Bxd5 15. exd5 a6 16. Ba4 b5 17. Bc2 Nc4 18. Bb3 Nxe3 19. Qxe3 Nh7 20. Rc6 f5 21. Nxe5 Bg5 22. f4 Re8 23. fxg5 Nxg5 24. Qb6 dxe5 25. d6+ Kh7 26. Rc7 Ne6 27. Bxe6 Rxe6 28. Qb7 Rg6 29. d7 e4 30. Qxa8 Qxa8 31. d8=Q Qxd8 32. Rxd8 f4 33. Kh2 Re6 34. Rdd7 e3 35. Rxg7+ Kh8 36. Rgd7 Re8 37. Rc1 Kg8 38. Kg1 Kh8 39. Kf1 Kg8 40. Ke2 Kh8 41. Rd4 Rf8 42. Rf1 Kg8 43. Rfxf4 Re8 44. Rf6 Kg7 45. Rxa6 Rc8 46. Kxe3 Re8+ 47. Kf2 Rf8+ 48. Kg1 Rc8 49. Rd7+ Kg8 50. Rxh6 Rc1+ 51. Kh2 Rc2 52. Rb6 Rc8 53. Rxb5 Re8 54. a4 Ra8 55. a5 Kf8 56. a6 Ke8 57. Rh7 Rd8 58. Rbb7 Rd7 59. Rbxd7 Kf8 60. Rd8# 1-0

[Event "FIDE WCCC Open-08 2024"]
[Site "Montesilvano"]
[Date "2024.11.20"]
[Round "6.44"]
[White "Glod, Peter"]
[Black "Lee, Yoonjae A"]
[Result "1-0"]
[ECO "C54"]
[WhiteElo "1409"]
[BlackElo "1546"]
[Annotator "NA RC"]
[PlyCount "47"]
[EventDate "2024.11.18"]
[EventType "swiss"]
[EventCountry "ITA"]
[SourceTitle "playchess.com"]
[Source "ChessBase"]
[SourceQuality "1"]
[TimeControl "5400+30"]

1. e4 e5 2. Nf3 Nc6 3. Bc4 Bc5 4. c3 Nf6 5. d4 exd4 6. cxd4 Bb4+ 7. Nc3 Nxe4 8. O-O Bxc3 9. bxc3 d5 10. Ba3 dxc4 11. Re1 f5 12. Nd2 Be6 13. Nxe4 fxe4 14. Rxe4 Qd5 15. Qe2 Nd8 16. Re1 c6 17. Re5 Qd7 18. Qh5+ Qf7 19. Rxe6+ Nxe6 20. Rxe6+ Kd8 21. Qxf7 Kc8 22. Bd6 Kd8 23. Qe7+ Kc8 24. Qc7# 1-0

[Event "FIDE WCCC Open-08 2024"]
[Site "Montesilvano"]
[Date "2024.11.20"]
[Round "6.45"]
[White "Ameen Akbar T A"]
[Black "Xin, Andrew M."]
[Result "0-1"]
[ECO "C12"]
[WhiteElo "1579"]
[BlackElo "1546"]
[Annotator "NA RC"]
[PlyCount "60"]
[EventDate "2024.11.18"]
[EventType "swiss"]
[EventCountry "ITA"]
[SourceTitle "playchess.com"]
[Source "ChessBase"]
[SourceQuality "1"]
[TimeControl "5400+30"]

1. e4 e6 2. d4 d5 3. Nc3 Nf6 4. Bg5 Nbd7 5. e5 h6 6. Bxf6 gxf6 7. f4 f5 8. Nf3 c5 9. Bb5 Qb6 10. Qd2 a6 11. Bxd7+ Bxd7 12. O-O-O c4 13. Qe3 Qc7 14. h3 b5 15. Nd2 a5 16. Kb1 b4 17. Ne2 a4 18. c3 a3 19. b3 cxb3 20. Nxb3 Rc8 21. Rc1 Qb6 22. Rc2 Qa6 23. Rhc1 Bb5 24. cxb4 Bd3 25. Nc5 Bxc2+ 26. Rxc2 Bxc5 27. dxc5 Rg8 28. Nc3 Qf1+ 29. Rc1 Qxg2 30. Nb5 Qb2# 0-1